 Dungeon Crawl Stone Soup version 0.25.0-26-g0c896c7088 (webtiles) character file.

Game seed: 5995089683752624614

(classic levelgen) 2664 EnegeticOcto the Cleaver (level 9, -12/82 HPs)
             Began as a Deep Dwarf Fighter on July 2, 2020.
             Was a Believer of Makhleb.
             Mangled by Vebil's ghost (23 damage)
             ... on level 9 of the Dungeon.
             The game lasted 00:08:42 (1354 turns).

EnegeticOcto the Cleaver (Deep Dwarf Fighter)       Turns: 1354, Time: 00:08:43

Health: -12/82     AC: 11    Str: 23    XL:     9   Next: 36%
Magic:  12/12      EV:  4    Int:  9    God:    Makhleb [**....]
Gold:   84         SH:  9    Dex: 12    Spells: 8/8 levels left

rFire    + . .     SeeInvis .   a - +0 war axe
rCold    x . .     Gourm    .   c - +0 kite shield
rNeg     . . .     Faith    .   w - +0 plate armour
rPois    .         Spirit   .   (no helmet)
rElec    .         Reflect  .   (no cloak)
rCorr    +         Harm     .   (no gloves)
MR       +....                  (no boots)
Stlth    ..........             (no amulet)
HPRegen  0.00/turn              j - ring of resist corrosion
MPRegen  0.13/turn              v - ring of fire

@: non-regenerating, slowed, very slow
A: damage resistance, heal wounds, sense surroundings 2, no regeneration
a: Heal Wounds, Minor Destruction, Renounce Religion


You were on level 9 of the Dungeon.
You worshipped Makhleb.
Makhleb was pleased with you.
You were very full.

You visited 2 branches of the dungeon, and saw 10 of its levels.

You collected 84 gold pieces.

Inventory:

Hand Weapons
 a - a +0 war axe (weapon)
Missiles
 o - 2 boomerangs (quivered)
 s - 5 silver boomerangs
Armour
 b - a +0 scale mail
 c - a +0 kite shield (worn)
 r - a +0 chain mail
 w - a +0 plate armour (worn)
Jewellery
 j - a ring of resist corrosion (left hand)
 v - a ring of fire (right hand)
Wands
 m - a wand of acid (1) {@v1}
 t - a wand of random effects (6)
Scrolls
 f - 5 scrolls of blinking {@r4}
 h - 3 scrolls of teleportation {unknown}
 k - 2 scrolls of amnesia {unknown}
 l - 3 scrolls of immolation
 n - a scroll of fog {unknown}
 p - a scroll of magic mapping {unknown}
Potions
 d - a potion of might {@q3 !q}
 g - 2 potions of degeneration {unknown}
 i - 2 potions of stabbing {unknown}
 q - 2 potions of curing {@q1 !q}
 u - 2 potions of lignification {unknown}
 x - a potion of flight {unknown}
Comestibles
 e - 3 rations


   Skills:
 - Level 6.0 Fighting
 * Level 11.3 Axes
 - Level 3.2 Armour
 - Level 3.2 Shields
 - Level 1.6 Invocations
 - Level 6.0 Evocations


You had 8 spell levels left.
You didn't know any spells.
Your spell library contained the following spells:

 Spells                   Type           Power        Failure   Level  Hunger
 Leda's Liquefaction      Hex/Erth       #.........   100%        4    #####..
 Bolt of Magma            Conj/Fire/Erth #.........   100%        5    ######.
 Iron Shot                Conj/Erth      #.........   100%        6    #######
 Statue Form              Tmut/Erth      #........    100%        6    #######
 Shatter                  Erth           #.........   100%        9    #######


Dungeon Overview and Level Annotations

Branches:
Dungeon (9/15)             Temple (1/1) D:4
   Lair: D:8-11         Orc: D:9-12

Altars:
Ashenzari
Dithmenos
Elyvilon
Fedhas
Gozag
Hepliaklqana
Kikubaaqudgha
Makhleb
Nemelex Xobeh
Okawaru
Sif Muna
Trog
Uskayaw
Vehumet
Yredelemnul
Zin

Annotations:
D:9 1 transporter, Vebil's ghost, novice DsBe


Innate Abilities, Weirdness & Mutations

You are resistant to damage.
You can heal yourself by infusing magical energy.
You passively map the area around you.
You do not regenerate.


Message History

The wraith is moderately damaged.
Your shield and plate armour prevent you from hitting the vampire mosquito.
The vampire mosquito bites you but does no damage.
You block the wraith's attack.
You block the vampire mosquito's attack.
You closely miss the wraith.
The wraith is moderately damaged.
You slash the vampire mosquito! You block the wraith's attack.
You block the vampire mosquito's attack.
You hit the wraith.
The wraith is moderately damaged.
You completely miss the vampire mosquito.
The vampire mosquito bites you!
The vampire mosquito draws strength from your injuries!
The wraith hits you but does no damage.
Vebil's ghost screams, "What do you have that I didn't have?"
You block the vampire mosquito's attack.
You closely miss the wraith.
The wraith is moderately damaged.
You hit the vampire mosquito. The vampire mosquito bites you.
The vampire mosquito draws strength from your injuries!
You block the wraith's attack.
You block the vampire mosquito's attack.
You slash the wraith!
The wraith is heavily damaged.
You hit the vampire mosquito but do no damage.
You block the vampire mosquito's attack.
The wraith barely misses you.
The vampire mosquito bites you but does no damage.
The wraith hits you but does no damage.
You completely miss the wraith.
The wraith is heavily damaged.
You hit the vampire mosquito. The vampire mosquito bites you.
The vampire mosquito draws strength from your injuries!
You block the vampire mosquito's attack.
The wraith hits you but does no damage.
You closely miss the wraith.
The wraith is heavily damaged.
You slash the vampire mosquito! The vampire mosquito bites you.
The vampire mosquito draws strength from your injuries!
The vampire mosquito bites you but does no damage.
The wraith hits you. The wraith drains your vigour!
You feel yourself slow down. The vampire mosquito bites you.
The vampire mosquito draws strength from your injuries!
Your plate armour prevents you from hitting the wraith.
The wraith is heavily damaged.
You slash the vampire mosquito!
You destroy the vampire mosquito!
Makhleb accepts your kill.
You feel better.
Your Axes skill increases to level 11!
The wraith barely misses you.
Vebil's ghost lets out a mournful wail.
You hit the wraith.
The wraith is heavily damaged.
You hit the mummy but do no damage. You block the wraith's attack.
The wraith hits you but does no damage.
You completely miss the wraith.
The wraith is heavily damaged.
Your shield and plate armour prevent you from hitting Vebil's ghost.
The wraith hits you but does no damage. Vebil's ghost hits you!
You closely miss the wraith.
The wraith is heavily damaged.
You miss Vebil's ghost. You block the wraith's attack.
You block Vebil's ghost's attack.
You feel much better. The wraith hits you. The wraith drains your vigour!
You feel as though you will be slow longer.
You block Vebil's ghost's attack. The wraith hits you!
You block Vebil's ghost's attack.
You hit the wraith.
The wraith is heavily damaged.
You hit Vebil's ghost but do no damage. You block the wraith's attack.
Vebil's ghost hits you! The wraith hits you but does no damage.
Press: ? - help, v - describe, . - travel
Here: Vebil's ghost The floor.
Unknown command.
Okay, then.
Okay, then.
It was a potion of curing.
You feel better. You block Vebil's ghost's attack.
The wraith hits you but does no damage. Vebil's ghost hits you!
You slash the wraith!
The wraith is almost destroyed.
You closely miss Vebil's ghost. You block the wraith's attack.
Vebil's ghost hits you! The wraith hits you but does no damage.
You hit the wraith.
You destroy the wraith!
Makhleb accepts your kill.
You slash Vebil's ghost! Vebil's ghost hits you!!
* * * LOW HITPOINT WARNING * * *
The centaur warrior zombie hits you but does no damage.
Vebil's ghost hits you.
* * * LOW HITPOINT WARNING * * *
You feel much better.
The centaur warrior zombie barely misses you.
Vebil's ghost hits you!!
* * * LOW HITPOINT WARNING * * *
The centaur warrior zombie hits you but does no damage.
Vebil's ghost hits you!!
You die...

* .#.(###.###..#.#
,##.#..#8#.#8#..#.## *
...#?......%...#..##
..©#?....©.....#©..#
#..#?..........#...#
*#.#..#8#†#8#..#.#.#####
##.#..###.###..#........
,
...#....Z......#.######.
#.#...@WM....©#.# #.
#.#############.# #.
#...............# #. *
##..############# #. ,*
##.* #. , # #. , * #. ,
, ** * #. * *##


You could see a mummy, Vebil's ghost and a centaur warrior zombie.

Vanquished Creatures
  A spectral centaur (D:9)
  The ghost of Curus the Carver, a novice HOMo of Makhleb (D:5)
  A hippogriff (D:9)
  A wraith (D:9)
  4 vampire mosquitoes (D:9)
  An orc warrior (D:6)
  A necrophage (D:6)
  An ogre (D:9)
  2 centaurs
  A wyvern zombie (D:8)
  A water moccasin skeleton (D:8)
  A centaur zombie (D:7)
  2 crimson imps
  3 hounds
  2 orc priests
  6 orc wizards
  A bullfrog skeleton (D:6)
  2 worker ants (D:4)
  A hound skeleton (D:9)
  4 gnolls (D:8)
  4 adders
  3 shadow imps
  A worm (D:5)
  A dart slug (D:1)
  4 leopard geckos
  15 orcs
  A ball python (D:5)
  A giant cockroach (D:2)
  3 hobgoblins
  4 jackals (D:1)
  A quokka (D:7)
  A bat (D:3)
  2 frilled lizards
  A goblin (D:1)
  A quokka skeleton (D:8)
  A rat (D:1)
81 creatures vanquished.

Notes
Turn   | Place    | Note
-------+----------+-------------------------------------------
     0 | D:1      | EnegeticOcto the Deep Dwarf Fighter began the quest for the
                  | Orb.
     0 | D:1      | Reached XP level 1. HP: 20/20 MP: 1/1
   139 | D:1      | Reached skill level 3 in Axes
   140 | D:1      | Reached XP level 2. HP: 22/27 MP: 2/2
   326 | D:4      | Found a staircase to the Ecumenical Temple.
   334 | Temple   | Entered the Ecumenical Temple
   407 | Temple   | Became a worshipper of Makhleb the Destroyer
   449 | D:4      | Reached XP level 3. HP: 30/33 MP: 3/3
   458 | D:4      | Reached skill level 4 in Axes
   458 | D:4      | Reached skill level 1 in Invocations
   459 | D:4      | Reached skill level 3 in Fighting
   459 | D:4      | Reached XP level 4. HP: 20/42 MP: 3/5
   562 | D:5      | Entered Level 5 of the Dungeon
   566 | D:5      | Reached skill level 1 in Evocations
   588 | D:5      | Your magical essence is drained by the effort!
   592 | D:5      | Reached XP level 5. HP: 40/49 MP: 5/5
   598 | D:5      | Reached skill level 5 in Axes
   643 | D:5      | Found a runed translucent door.
   656 | D:5      | Noticed Curus's ghost (novice HOMo)
   668 | D:5      | Reached skill level 2 in Evocations
   685 | D:5      | Killed Curus's ghost
   685 | D:5      | Reached skill level 4 in Fighting
   685 | D:5      | Reached skill level 6 in Axes
   685 | D:5      | Reached skill level 3 in Evocations
   685 | D:5      | Reached XP level 6. HP: 54/57 MP: 5/7
   710 | D:6      | Noticed an orc warrior
   721 | D:6      | Reached XP level 7. HP: 52/64 MP: 8/8
   731 | D:6      | Reached skill level 4 in Evocations
   733 | D:6      | Reached skill level 7 in Axes
   927 | D:7      | Reached * piety under Makhleb
  1002 | D:8      | Reached skill level 5 in Evocations
  1010 | D:8      | Reached XP level 8. HP: 19/72 MP: 10/10
  1013 | D:8      | Reached skill level 8 in Axes
  1088 | D:8      | Reached skill level 5 in Fighting
  1172 | D:9      | Noticed a hippogriff
  1188 | D:9      | Killed a hippogriff
  1188 | D:9      | Reached skill level 6 in Evocations
  1191 | D:9      | Found an ancient bone altar of Kikubaaqudgha.
  1204 | D:9      | Reached skill level 9 in Axes
  1278 | D:9      | Found a transporter.
  1278 | D:9      | Noticed Vebil's ghost (novice DsBe)
  1279 | D:9      | Found a transporter.
  1290 | D:9      | Noticed a spectral centaur warrior
  1323 | D:9      | Killed a spectral centaur warrior
  1323 | D:9      | Reached ** piety under Makhleb
  1323 | D:9      | Reached skill level 6 in Fighting
  1323 | D:9      | Reached skill level 10 in Axes
  1323 | D:9      | Gained mutation: You passively map the area around you.
                  | [Deep Dwarf growth]
  1323 | D:9      | Reached XP level 9. HP: 54/82 MP: 12/12
  1345 | D:9      | Reached skill level 11 in Axes
  1354 | D:9      | Mangled by Vebil's ghost

Illustrated notes

Levels and vault maps discovered:
D:1:      dpeg_arrival_circle_labyrinth_c, layout_basic, glass_columns_a,
          minmay_misc_feat_rows, hangedman_abyss_or_decor_lesser_grid,
          minmay_pentomino_w2
D:2:      layout_basic, tso_oasis_becter
D:3:      layout_basic, nicolae_qazlal_style_of_elements, uniq_terence
D:4:      layout_loops_cross, minmay_temple_entry_butterflies, first_ration,
          uniq_menkaure
D:5:      minmay_chambers_of_threes, layout_loops_cross,
          ebering_ghost_inner_flame
D:6:      layout_basic, lemuel_coloured_pillars_altar
D:7:      layout_basic, kennysheep_little_box, hex_medium, kennysheep_potato
D:8:      layout_cave_pools, gammafunk_temple_overflow_forgotten,
          hangedman_pestilent_swarm
D:9:      layout_loops_ring, overflow_temple_1_default,
          gammafunk_ghost_mausoleum, minivault_15
Temple:   regret_index_temple_waves

Skill      XL: |  1  2  3  4  5  6  7  8  9 |
---------------+----------------------------+-----
Axes           | 3 4 6 7 10 11 | 11.3
Invocations    | 1 |  1.6
Fighting       | 3 4 6 |  6.0
Evocations     | 1 3 5 6 |  6.0
Armour         | |  3.2
Shields        | |  3.2

Action                   |  1- 3 |  4- 6 |  7- 9 || total
-------------------------+-------+-------+-------++-------
Melee: War axe           |    48 |    50 |   173 ||   271
Throw: Boomerang         |       |       |     5 ||     5
 Abil: Heal Wounds       |     1 |     5 |    10 ||    16
Evoke: Wand              |       |     2 |     7 ||     9
  Use: Scroll            |       |       |     1 ||     1
       Potion            |       |       |     1 ||     1
  Eat: Ration            |     1 |     1 |     1 ||     3
Armor: Scale mail        |    48 |    25 |     8 ||    81
       Chain mail        |       |       |    53 ||    53
       Plate armour      |       |       |   115 ||   115
Dodge: Dodged            |    31 |    18 |    60 ||   109
Block: Kite shield       |    64 |    48 |   181 ||   293
